 Dungeon Crawl Stone Soup version 0.29-a0-451-gfbfa42419e (webtiles) character file.

Game seed: 6838650927774556683

115552 holysushi the Spry (level 16, -2/119 HPs)
             Began as an Octopode Artificer on May 20, 2022.
             Was an Initiate of Gozag.
             Slain by a shock serpent (13 damage)
             ... on level 3 of the Snake Pit.
             The game lasted 01:03:02 (34138 turns).

holysushi the Spry (Octopode Artificer)            Turns: 34138, Time: 01:03:03

Health: -2/119     AC:  5    Str: 12    XL:     16   Next: 69%
Magic:  16/16      EV: 40    Int: 20    God:    Gozag
Gold:   3346       SH: 31    Dex: 31    Spells: 15/15 levels left

rFire   + . .      SeeInvis +   a - +5 rapier (elec)
rCold   . . .      Faith    .   P - +3 tower shield {rPois}
rNeg    . . .      Spirit   .   (helmet restricted)
rPois   +          Reflect  +   c - amulet of reflection
rElec   .          Harm     .   f - +4 ring of protection
rCorr   +          Rampage  .   g - +4 ring of evasion
Will    +....                   W - ring of protection from fire
Stlth   +++++++...              d - +6 ring of dexterity
HPRegen 0.29/turn               N - ring of resist corrosion
MPRegen 0.15/turn               h - +4 ring of evasion
                                V - +6 ring of intelligence
                                e - +6 ring of dexterity

@: about to teleport, slowed, studying Transmutations, very slow
A: almost no armour, amphibious, 8 rings, camouflage 1, gelatinous body 1,
(nimble swimmer 1), tentacles, see invisible, robust 1
a: Renounce Religion, Potion Petition, Call Merchant, Bribe Branch


You were on level 3 of the Snake Pit.
You worshipped Gozag.
Gozag was most pleased with you.
You visited 5 branches of the dungeon, and saw 23 of its levels.
You also visited: Ossuary, Gauntlet and Ice Cave.

You collected 7208 gold pieces.
You spent 2504 gold pieces at shops.
You paid 1358 gold pieces to Gozag.

Inventory:

Hand Weapons
 a - a +5 rapier of electrocution (weapon)
 i - a +5 vampiric rapier
Missiles
 Y - a throwing net
Armour
 o - the +18 shield of the Gong {rElec rN+ Will+ EV-5}
   (You took it off a minotaur in a Gauntlet)

   It is deafeningly noisy when blocking attacks.
   EV:        It affects your evasion (-5).
   rElec:     It insulates you from electricity.
   rN:        It protects you from negative energy.
   Will:      It increases your willpower.
 P - a +3 tower shield of poison resistance (worn)
Jewellery
 c - an amulet of reflection (around mantle)
 d - a +6 ring of dexterity (on tentacle)
 e - a +6 ring of dexterity (on tentacle)
 f - a +4 ring of protection (left tentacle)
 g - a +4 ring of evasion (right tentacle)
 h - a +4 ring of evasion (on tentacle)
 F - a ring of see invisible
 N - a ring of resist corrosion (on tentacle)
 O - the ring "Dilafibb" {rElec Str+2 Int+6 Stlth-}
   (You found it on level 5 of the Lair of Beasts)

   [ring of intelligence]

   Str:       It affects your strength (+2).
   Int:       It affects your intelligence (+6).
   rElec:     It insulates you from electricity.
   Stlth:     It makes you less stealthy.
 V - a +6 ring of intelligence (on tentacle)
 W - a ring of protection from fire (on tentacle)
Wands
 b - a wand of flame (59) (quivered)
 l - a wand of charming (11)
 u - a wand of paralysis (21)
 D - a wand of polymorph (22)
 X - a wand of iceblast (22)
Scrolls
 n - a scroll of fog
 q - 3 scrolls of poison
 r - 3 scrolls of amnesia
 x - 3 scrolls of teleportation
 z - 5 scrolls of summoning
 B - 7 scrolls of immolation
 C - 5 scrolls of blinking
 J - a scroll of silence
 K - 3 scrolls of vulnerability
 R - 3 scrolls of fear
Potions
 j - 3 potions of lignification
 k - 6 potions of flight
 s - 7 potions of brilliance
 v - 5 potions of might
 y - 18 potions of curing
 A - 3 potions of berserk rage
 E - 2 potions of magic
 G - 8 potions of haste
 H - 3 potions of attraction
 I - 2 potions of heal wounds
 L - 2 potions of ambrosia
 M - 3 potions of mutation
 Q - a potion of invisibility
 S - 6 potions of cancellation
 T - 2 potions of resistance
Miscellaneous
 m - a phantom mirror (inert)
 p - a lightning rod (4/4)
 U - a box of beasts (inert)


   Skills:
 - Level 10.0 Fighting
 - Level 14.0 Short Blades
 * Level 17.9 Dodging
 + Level 12.4 Stealth
 + Level 13.6 Shields
 + Level 6.6 Evocations


You had 15 spell levels left.
You didn't know any spells.
Your spell library contained the following spells:

 Spells                   Type           Power      Damage    Failure   Level
 Apportation              Tloc           0%         N/A       63%         1
 Necrotize                Necr           0%         1d4       63%         1
 Slow                     Hex            0%         N/A       63%         1
 Summon Small Mammal      Summ           0%         N/A       63%         1
 Blink                    Tloc           0%         N/A       77%         2
 Ensorcelled Hibernation  Hex/Ice        0%         N/A       77%         2
 Passwall                 Tmut/Erth      0%         N/A       77%         2
 Call Canine Familiar     Summ           0%         N/A       94%         3
 Confusing Touch          Hex            0%         N/A       94%         3
 Gell's Gravitas          Tloc           0%         N/A       94%         3
 Lesser Beckoning         Tloc           0%         N/A       94%         3
 Summon Guardian Golem    Hex/Summ       0%         N/A       94%         3
 Swiftness                Air            0%         N/A       94%         3
 Teleport Other           Tloc           0%         N/A       94%         3
 Vampiric Draining        Necr           0%         2d6       94%         3
 Hailstorm                Conj/Ice       0%         3d3       100%        4
 Ice Form                 Ice/Tmut       0%         N/A       100%        4
 Agony                    Necr           0%         N/A       100%        5
 Alistair's Intoxication  Tmut/Pois      0%         N/A       100%        5
 Blade Hands              Tmut           0%         N/A       100%        5
 Fireball                 Conj/Fire      0%         3d3       100%        5
 Irradiate                Conj/Tmut      0%         3d13      100%        5
 Manifold Assault         Tloc           0%         N/A       100%        5
 Metabolic Englaciation   Hex/Ice        0%         N/A       100%        5
 Eringya's Noxious Bog    Tmut/Pois      0%         N/A       100%        6
 Starburst                Conj/Fire      0%         6d3       100%        6
 Dragon Form              Tmut           0%         N/A       100%        7
 Storm Form               Tmut/Air       0%         N/A       100%        7
 Animate Armour           Summ/Erth      Unusable   N/A       N/A         4
 Corpse Rot               Necr/Pois/Air  Unusable   N/A       N/A         4

Dungeon Overview and Level Annotations

Branches:
Dungeon (11/15)            Temple (1/1) D:5            Lair (6/6) D:9
  Swamp (0/4) Lair:3        Snake (3/4) Lair:2        Slime (0/5) Lair:6
    Orc (2/2) D:10            Elf (0/3) Orc:2       Ossuary (visited)
  IceCv (visited)         Gauntlet (visited)

Altars:
Ashenzari
Cheibriados
Dithmenos
Elyvilon
Fedhas
Gozag
Hepliaklqana
Kikubaaqudgha
Makhleb
Nemelex Xobeh
Okawaru
Qazlal
Ru
Sif Muna
Trog
Uskayaw
Vehumet
Wu Jian
Xom
Yredelemnul
Zin
The Shining One
Beogh
Jiyva

Shops:
D:2 [   D:6 **   D:11 [   Orc:2 *(==[   Lair:5 ?   Snake:2 [*([   Snake:3 :*

Annotations:
D:10 exclusions: hell hound and 2 more exclusions
Lair:1 3 runed translucent doors, zeratav's ghost, journeyman OpEE
Lair:2 1 exclusion
Lair:3 exclusion: downstairs
Lair:5 exclusion: downstairs
Lair:6 2 transporters, exclusion: obsidian statue, SirDiesAlot's ghost, journeyman DECj


Innate Abilities, Weirdness & Mutations

You cannot wear most types of armour.
You are amphibious.
You can wear up to eight rings at the same time.
Your skin changes colour to match your surroundings (Stealth+).
Your rubbery body absorbs attacks. (AC +1, EV +1)
((You are camouflaged when in or above water. (Stealth+)))
You have tentacles for arms and can constrict up to eight enemies at once.
You have supernaturally acute eyesight. (SInv)
You are robust. (+10% HP)


Message History

Aiming: Phantom Mirror
Press: ? - help, Dir - move target, f - shock serpent
Aim: a shock serpent (lightly wounded)
You reflect the shock serpent with the mirror!
The mirror clouds!
You block the guardian serpent's attack.
The black mamba barely misses your shock serpent.
The shock serpent shoots out a bolt of lightning at you!
The bolt of electricity misses you. The bolt of electricity hits you!
The bolt of electricity hits your larval oxsting beast!
The bolt of electricity hits your larval oxsting beast!!
Your larval oxsting beast dies!
Your larval oxsting beast's corpse disappears in a puff of smoke!
Your shock serpent bites the shock serpent!
Your shock serpent shocks the shock serpent.
The shock serpent completely resists.
The shock serpent's electric aura discharges, shocking your shock serpent!
Your shock serpent completely resists.
You block the guardian serpent's attack.
The black mamba barely misses your shock serpent.
The shock serpent shoots out a bolt of lightning at you!
The bolt of electricity hits you!!
* * * LOW HITPOINT WARNING * * *
The bolt of electricity hits you!
* * * LOW HITPOINT WARNING * * *
Your shock serpent completely misses the shock serpent.
You block the guardian serpent's attack.
As you read the scroll of teleportation, it crumbles to dust.
You feel strangely unstable.
The black mamba bites your shock serpent!
Your shock serpent's electric aura discharges, shocking the black mamba!
You block the shock serpent's attack.
Your shock serpent barely misses the shock serpent.
You block the guardian serpent's attack.
You block the salamander's attack.
The black mamba bites your shock serpent!
Your shock serpent's electric aura discharges, shocking the black mamba!
The shock serpent bites you!
You die...
Your body crumbles into a pile of gold.

.....# #....# #. .
....## ##...##.## ..
# ....##
##...#...#.# .## #
.....####.........#
..##.
.....##.#........#
#...N
...............###
#....
.##..).........##
#S...
####.......##...##
##S... #
#......#####.@###
##....# ###.....##
#SSSN########...###
##.......###
##S............##
...).......##
#..#..#.N.....#
..#######...##
#..##.#...##### ..#
##...# ####.######
#.#######...######.#
#..........##......
#..........##.##.#


You could see a naga warrior (wandering), a salamander, a shock serpent, a
guardian serpent, a black mamba (ally target) and a friendly shock serpent
(summoned, drained).

Vanquished Creatures
  Kirke (Snake:1)
  An orc warlord (Orc:2)
  A frost giant (IceCv)
  A minotaur (Gauntlet)
  A dire elephant (Lair:6)
  2 boulder beetles
  12 hydras
  A salamander tyrant (Snake:2)
  A centaur warrior (D:8)
  5 anacondas
  A naga warrior (Snake:1)
  2 two-headed ogres
  Urug (Orc:2)
  15 death yaks
  An orc high priest (Orc:2)
  3 naga sharpshooters
  A shock serpent (Snake:2)
  2 hell knights (D:10)
  A skeletal warrior (D:8)
  A bog body (Lair:3)
  3 naga ritualists
  Pikel (D:7)
  2 orc knights (Orc:2)
  3 necromancers (Lair:6)
  3 orc sorcerers (Orc:2)
  An ugly thing (D:8)
  9 mana vipers
  7 salamanders
  4 cyclopes
  A worldbinder (Gauntlet)
  13 elephants
  A manticore (D:8)
  Maurice (D:8)
  A rust devil (Gauntlet)
  A guardian serpent (shapeshifter) (D:11)
  9 naga magi
  35 black mambas
  A torpor snail (Gauntlet)
  9 cane toads
  An ice statue (IceCv)
  An unseen horror (D:10)
  A dire elephant skeleton (Lair:6)
  2 ice devils (D:11)
  3 rime drakes
  5 komodo dragons
  3 kobold demonologists
  A tengu conjurer (D:8)
  A troll (Orc:2)
  11 polar bears
  23 blink frogs
  A slime creature (D:8)
  3 dream sheep (Lair:6)
  A shadow (D:10)
  2 wyverns
  A ynoxinul (Gauntlet)
  2 basilisks
  3 hogs (Snake:1)
  2 wraiths (D:11)
  9 fire bats (Lair:3)
  Eustachio (D:4)
  67 yaks
  2 death yak simulacra (Lair:6)
  5 vampire mosquitoes
  3 wargs
  13 nagas
  29 water moccasins
  6 hell hounds (D:10)
  A swamp drake (D:10)
  Duvessa (D:6)
  23 orc warriors
  3 sky beasts
  3 black bears
  2 ice beasts
  An elephant zombie (Lair:6)
  5 ogres
  19 wolves (IceCv)
  3 boggarts (Gauntlet)
  4 centaurs
  A lemure (D:7)
  2 phantoms
  17 bullfrogs
  4 kobold brigands
  2 necrophages
  A gnoll sergeant (D:8)
  3 water moccasin zombies (Ossuary)
  4 scorpions
  15 wights
  Dowan (D:6)
  3 killer bees (D:9)
  2 elephant simulacra (Lair:6)
  5 electric eels
  2 centaur zombies (Ossuary)
  6 bullfrog zombies (Ossuary)
  3 howler monkeys
  5 hounds
  3 iron imps (Gauntlet)
  A jelly (D:6)
  22 orc priests
  2 gnoll shamans
  Terence (D:3)
  15 orc wizards
  2 killer bee zombies (Ossuary)
  12 mummies (Ossuary)
  8 adders
  17 gnolls
  2 white imps
  An ufetubus (D:4)
  A worm (D:2)
  A dart slug (D:4)
  46 orcs
  6 bats
  8 endoplasms
  5 giant cockroaches
  4 hobgoblins
  2 quokkas (D:3)
  7 ball pythons
  A frilled lizard (D:1)
  7 goblins
  27 kobolds
  6 rats
709 creatures vanquished.

Vanquished Creatures (collateral kills)
  A death yak (Lair:4)
  A centaur zombie (Ossuary)
  A howler monkey zombie (Ossuary)
3 creatures vanquished.

Vanquished Creatures (others)
  A death yak (Lair:4)
  A deep elf pyromancer (D:11)
  A dream sheep (Lair:6)
  A yak (Lair:6)
  A hell hound (D:10)
  2 bullfrog zombies (Ossuary)
  An orc wizard (Orc:2)
  A killer bee zombie (Ossuary)
  A mummy (Ossuary)
  A bush (Lair:6)
  A fire vortex (Lair:3)
  42 fungi
  68 plants
  44 withered plants
166 creatures vanquished.

Grand Total: 878 creatures vanquished

Notes
Turn   | Place    | Note
-------+----------+-------------------------------------------
     0 | D:1      | holysushi the Octopode Artificer began the quest for the
                  | Orb.
     0 | D:1      | Reached XP level 1. HP: 13/13 MP: 1/1
   261 | D:1      | Reached XP level 2. HP: 18/19 MP: 2/2
   330 | D:1      | Reached skill level 1 in Short Blades
   647 | D:1      | Reached XP level 3. HP: 9/24 MP: 3/3
  1241 | D:2      | Found Dyreol's Antique Armour Shop.
  1246 | D:2      | Reached XP level 4. HP: 29/29 MP: 4/4
  1992 | D:3      | Noticed a necrophage
  2011 | D:3      | Killed a necrophage
  2012 | D:3      | Reached XP level 5. HP: 27/34 MP: 5/5
  2141 | D:3      | Noticed a phantom
  2161 | D:3      | Killed a phantom
  2162 | D:3      | Reached skill level 5 in Short Blades
  2162 | D:3      | Reached XP level 6. HP: 32/39 MP: 6/6
  2283 | D:3      | Noticed Terence
  2296 | D:3      | Killed Terence
  2673 | D:4      | Found a sand-covered staircase.
  2678 | Ossuary  | Entered an ossuary
  2715 | Ossuary  | Reached XP level 7. HP: 32/45 MP: 7/7
  3112 | Ossuary  | Reached XP level 8. HP: 20/50 MP: 8/8
  4125 | D:4      | Reached skill level 3 in Dodging
  4125 | D:4      | Reached skill level 1 in Shields
  4213 | D:4      | Noticed Eustachio
  4220 | D:4      | Killed Eustachio
  4340 | D:4      | Found a hazy altar of Hepliaklqana.
  4546 | D:4      | Found an ornate altar of the Wu Jian Council.
  4866 | D:5      | Entered Level 5 of the Dungeon
  4947 | D:4      | Reached skill level 4 in Dodging
  5084 | D:5      | Reached skill level 5 in Stealth
  5084 | D:5      | Reached XP level 9. HP: 50/57 MP: 9/9
  5600 | D:5      | Reached skill level 5 in Dodging
  5966 | D:5      | You fall into a shaft and drop 3 floors!
  6239 | D:6      | Found a transporter.
  6279 | D:6      | Noticed Pikel
  6333 | D:7      | Killed Pikel
  6334 | D:7      | Reached skill level 6 in Dodging
  6753 | D:6      | Noticed Duvessa
  6753 | D:6      | Noticed Dowan
  6756 | D:6      | Killed Dowan
  6761 | D:6      | Killed Duvessa
  6762 | D:6      | Reached XP level 10. HP: 65/65 MP: 10/10
  6871 | D:6      | Found a transporter.
  7215 | D:6      | Found Hagublual's Assorted Antiques.
  7225 | D:6      | Reached skill level 5 in Fighting
  7228 | D:6      | Bought a scroll of identify for 64 gold pieces
  7228 | D:6      | Bought a scroll labelled TOETSY ZEUMN for 32 gold pieces
  7229 | D:6      | Bought a fuming dark potion for 28 gold pieces
  7229 | D:6      | Gained mutation: You have supernaturally acute eyesight.
                  | (SInv) [potion of mutation]
  7229 | D:6      | Gained mutation: You have an increased reservoir of magic.
                  | (+10% MP) [potion of mutation]
  7229 | D:6      | Gained mutation: You are clumsy. (Dex -2) [potion of
                  | mutation]
  7238 | D:6      | Lost mutation: You have an increased reservoir of magic.
                  | (+10% MP) [potion of mutation]
  7238 | D:6      | Lost mutation: You are clumsy. (Dex -2) [potion of
                  | mutation]
  7238 | D:6      | Gained mutation: One of your tentacles bears a spike.
                  | [potion of mutation]
  7238 | D:6      | Lost mutation: One of your tentacles bears a spike. [potion
                  | of mutation]
  7238 | D:6      | Gained mutation: You are robust. (+10% HP) [potion of
                  | mutation]
  7343 | D:6      | Reached skill level 7 in Dodging
  7416 | D:6      | Reached skill level 10 in Shields
  7416 | D:6      | Reached XP level 11. HP: 78/78 MP: 11/11
  8486 | D:8      | Reached skill level 10 in Short Blades
  8928 | D:8      | Noticed Maurice
  8932 | D:8      | Killed Maurice
  9286 | D:8      | Noticed a centaur warrior
  9307 | D:8      | Killed a centaur warrior
  9308 | D:8      | Reached skill level 8 in Dodging
  9440 | D:8      | Noticed a white ugly thing
  9443 | D:8      | Killed a white ugly thing
  9457 | D:8      | Got the Handbook of Earth and Contamination
  9476 | D:8      | Noticed a manticore
  9479 | D:8      | Killed a manticore
  9482 | D:8      | Noticed an eight-headed hydra
  9485 | D:8      | Killed an eight-headed hydra
  9488 | D:8      | Noticed a skeletal warrior
  9493 | D:8      | Killed a skeletal warrior
  9494 | D:8      | Reached skill level 10 in Stealth
  9746 | D:9      | Reached XP level 12. HP: 86/86 MP: 12/12
  9821 | D:9      | Got Afoibob's Papyrus of the Shifting Arsonist
  9902 | D:9      | Found a staircase to the Lair.
 10084 | D:9      | Noticed a two-headed ogre
 10103 | D:9      | Killed a two-headed ogre
 10697 | D:10     | Entered Level 10 of the Dungeon
 10707 | D:10     | Noticed a two-headed ogre
 10722 | D:10     | Killed a two-headed ogre
 10951 | D:10     | Reached skill level 9 in Dodging
 11493 | D:5      | Found a staircase to the Ecumenical Temple.
 11778 | Temple   | Entered the Ecumenical Temple
 12212 | Temple   | Became a worshipper of Gozag Ym Sagoz the Greedy
 12745 | D:10     | Found a staircase to the Orcish Mines.
 13158 | D:10     | Noticed a hell knight
 13171 | D:10     | Killed a hell knight
 13347 | D:10     | Noticed a hell knight
 13348 | D:10     | Noticed a hell knight
 13355 | D:10     | Killed a hell knight
 13356 | D:10     | Reached skill level 10 in Dodging
 13357 | D:10     | Noticed a hell knight
 13596 | Lair:1   | Entered Level 1 of the Lair of Beasts
 13754 | Lair:1   | Noticed a minotaur
 13760 | Lair:1   | Noticed zeratav's ghost (journeyman OpEE)
 14078 | Lair:1   | Found a runed translucent gate.
 14078 | Lair:1   | Found a runed translucent gate.
 14079 | Lair:1   | Found a runed translucent gate.
 14641 | Lair:2   | Noticed an ice dragon
 14731 | Lair:2   | Noticed a four-headed hydra
 14736 | Lair:2   | Killed a four-headed hydra
 14762 | Lair:2   | Reached XP level 13. HP: 96/96 MP: 13/13
 14874 | Lair:2   | Identified the +5 war axe of Omathromy {vorpal, Will++}
 14910 | Lair:2   | Reached skill level 11 in Dodging
 15183 | Lair:2   | Reached skill level 5 in Evocations
 15238 | Lair:2   | Found a staircase to the Snake Pit.
 15764 | Lair:3   | Identified the +7 trident of the Thing {vamp, Will++ rCorr}
 15834 | Lair:3   | Found a staircase to the Swamp.
 16342 | Lair:3   | Reached skill level 12 in Dodging
 17483 | Lair:4   | Reached skill level 13 in Dodging
 17615 | Lair:4   | Reached XP level 14. HP: 103/103 MP: 14/14
 17908 | Lair:4   | You fall into a shaft and drop 2 floors!
 17908 | Lair:6   | Entered Level 6 of the Lair of Beasts
 18599 | Lair:5   | Reached skill level 14 in Dodging
 18712 | Lair:5   | Identified the +4 rapier of Departure {flame, rN+}
 18895 | Lair:5   | Identified the ring "Dilafibb" {rElec Str+2 Int+6 Stlth-}
 20029 | Lair:5   | Bought a scroll of enchant weapon for 127 gold pieces
 20029 | Lair:5   | Bought a scroll of teleportation for 51 gold pieces
 20029 | Lair:5   | Bought a scroll of magic mapping for 59 gold pieces
 20029 | Lair:5   | Bought a scroll of blinking for 127 gold pieces
 20571 | Lair:6   | Found a staircase to the Slime Pits.
 20571 | Lair:6   | Found a viscous altar of Jiyva.
 20573 | Lair:6   | Reached skill level 15 in Dodging
 21078 | Lair:6   | Noticed SirDiesAlot's ghost (journeyman DECj)
 21083 | Lair:6   | Found a transporter.
 21475 | Lair:6   | Found a transporter.
 21682 | Lair:6   | Noticed a dire elephant
 21683 | Lair:6   | Noticed a dire elephant
 21683 | Lair:6   | Noticed a dire elephant
 21754 | Lair:6   | Identified the +1 leather armour of Dice, Bag, and Bottle
                  | {Harm +Blink Regen+}
 21786 | Lair:6   | Noticed a dire elephant
 21811 | Lair:6   | Killed a dire elephant
 22567 | Lair:5   | Reached XP level 15. HP: 92/110 MP: 15/15
 22808 | Lair:6   | Found a viscous altar of Jiyva.
 22808 | Lair:6   | Found a staircase to the Slime Pits.
 23196 | Lair:6   | Found a transporter.
 23577 | Lair:6   | Found a transporter.
 23792 | Lair:6   | Found a transporter.
 23844 | Lair:6   | Found a staircase to the Slime Pits.
 23845 | Lair:6   | Found a viscous altar of Jiyva.
 24334 | Lair:6   | Found a transporter.
 25088 | D:6      | Bought a potion of curing for 33 gold pieces
 25088 | D:6      | Bought a phantom mirror for 440 gold pieces
 25281 | D:11     | Found a frozen archway.
 25398 | IceCv    | Entered an ice cave
 26213 | IceCv    | Noticed a frost giant
 26239 | IceCv    | Killed a frost giant
 26703 | IceCv    | Identified the amulet of Mistrust {Acrobat Fragile rC-
                  | rCorr Stlth+}
 26710 | IceCv    | Got the Almanac of Ice
 26988 | D:11     | Reached skill level 16 in Dodging
 27193 | D:11     | Found Ulorchoe's Armour Shop.
 27954 | Orc:1    | Entered Level 1 of the Orcish Mines
 28097 | Orc:2    | Entered Level 2 of the Orcish Mines
 28146 | Orc:2    | Found a gate leading to a gauntlet.
 28152 | Orc:2    | Found Amuad's Jewellery Shop.
 28155 | Gauntlet | Entered a Gauntlet
 28155 | Gauntlet | Found a transporter.
 28183 | Gauntlet | Found a transporter.
 28187 | Gauntlet | Found a transporter.
 28195 | Gauntlet | Found a transporter.
 28199 | Gauntlet | Found a transporter.
 28205 | Gauntlet | Found a runed translucent gate.
 28207 | Gauntlet | Found a runed translucent gate.
 28207 | Gauntlet | Found a transporter.
 28209 | Gauntlet | Found a runed translucent gate.
 28211 | Gauntlet | Found a transporter.
 28219 | Gauntlet | Found a transporter.
 28223 | Gauntlet | Found a transporter.
 28231 | Gauntlet | Found a transporter.
 28262 | Gauntlet | Found a transporter.
 28274 | Gauntlet | Found a transporter.
 28287 | Gauntlet | Found a transporter.
 28300 | Gauntlet | Found a transporter.
 28340 | Gauntlet | Reached skill level 10 in Fighting
 28468 | Gauntlet | Identified the +4 hand crossbow of Arrival {venom, *Slow
                  | rF+ Int+3 SInv}
 28574 | Orc:2    | Noticed Urug
 28981 | Orc:2    | Noticed an orc warlord
 29740 | Orc:2    | Found a staircase to the Elven Halls.
 30243 | Orc:2    | Killed an orc warlord
 30408 | Orc:2    | Killed Urug
 30631 | Orc:2    | Found Pason's Antique Weapon Emporium.
 30651 | Orc:2    | Found Koulourhou's Antique Armour Emporium.
 30668 | Orc:2    | Found Zepuyneq's General Store.
 30676 | Orc:2    | Bought a potion of haste for 180 gold pieces
 30730 | Orc:2    | Found Daesk's Jewellery Emporium.
 30737 | Orc:2    | Bought a +6 ring of dexterity for 760 gold pieces
 30857 | Orc:2    | Bought a ring of protection from fire for 300 gold pieces
 31013 | Snake:1  | Entered Level 1 of the Snake Pit
 31093 | Snake:1  | Reached XP level 16. HP: 119/119 MP: 16/16
 31130 | Snake:1  | Reached skill level 17 in Dodging
 31804 | Snake:1  | Noticed Kirke
 31832 | Snake:1  | Killed Kirke
 32531 | Snake:2  | Found Hoghyw's Antique Armour Shoppe.
 32596 | Snake:2  | Found Goewn's General Store.
 32648 | Snake:2  | Bought a potion of heal wounds for 75 gold pieces
 32648 | Snake:2  | Bought a wand of iceblast (8) for 180 gold pieces
 32695 | Snake:2  | Found Zapidgh's Antique Weapon Shop.
 33056 | Snake:2  | Found Sasougri's Antique Armour Shop.
 33866 | Snake:3  | Found Arubegae's General Store.
 33870 | Snake:3  | Found Cezyskokos's Book Boutique.
 33911 | Snake:3  | Bought a scroll of teleportation for 48 gold pieces
 34138 | Snake:3  | Slain by a shock serpent

Illustrated notes

Levels and vault maps discovered:
D:1:      dpeg_arrival_stone_temple_mockup, layout_basic,
          chequers_serial_rivers_large_b
D:2:      layout_loops_ring, serial_shops, shop, minmay_misc_feat_pillars
D:3:      layout_basic, uniq_terence
D:4:      layout_loops_corners, nzn_wu_jian_council_hall,
          nicolae_hepliaklqana_hazy_memory, enter_ossuary_2,
          roderic_nine_men_s_morris, uniq_eustachio
D:5:      layout_basic, temple_hall, kennysheep_nub
D:6:      gammafunk_steamed_eel, layout_basic, minmay_shop_grid_forest,
          corexii_hall_statues_deadend, uniq_pikel, uniq_duvessa
D:7:      layout_basic
D:8:      layout_gridville, minmay_evil_grid, uniq_maurice
D:9:      layout_basic, lair_entry_dummy, minivault_21
D:10:     layout_roguey, erik_orc_1, chequers_serial_rivers_marsh,
          minmay_rotating_lava
D:11:     minmay_ornate_pinched, layout_loops_ring, serial_aquarium,
          aquarium_bridge_square [aquarium_subvault_bridge,
          aquarium_subvault_window, aquarium_subvault_bridge,
          aquarium_subvault_balcony], aquarium_window_1, aquarium_window_1,
          aquarium_window_fake, aquarium_view_2e, aquarium_view_4,
          aquarium_pool_S, serial_shops, kennysheep_mini_moat,
          portal_ice_cave_demonic_guard, hangedman_abyss_or_decor_lesser_grid
Temple:   mainiacjoe_temple_big_plus
Lair:1:   layout_roguey, maelrawn_ghost_gauntlet_escape
Lair:2:   dragon1_lemuel, layout_chaotic_city, minmay_snake_entry_six_corridors,
          serial_rivers, chequers_serial_rivers_small_a,
          chequers_serial_rivers_micro_c, chequers_serial_rivers_small_b,
          chequers_serial_rivers_micro_c, chequers_serial_rivers_large_a
Lair:3:   layout_gridlike, skrybe_swamp_entry_bodies
Lair:4:   beast_lair_carwin_large_1, layout_cave_pods, minivault_27,
          serial_bayou_ford_a, grunt_megastairs_3, infiniplex_staircase_pool_2
Lair:5:   layout_roguey, lemuel_fruit_tree
Lair:6:   due_jungle_book, layout_layer_cave, slime_altar_1, nzn_ghost_randoct,
          grunt_forest_small_clearing_treed
Snake:1:  layout_basic, uniq_kirke
Snake:2:  layout_onion, serial_shops, shop, shop, shop_fountains, shop
Snake:3:  layout_grid_shapes, minmay_shoptagon, grunt_megastairs_1
Orc:1:    nicolae_orc_accident_3, layout_diamond_mine, serial_shops,
          nicolae_shop_crystal, uniq_josephine
Orc:2:    grunt_orc_cross, layout_caves, gauntlet_entry_generic, serial_shops,
          nicolae_shop_stone

Skill      XL: |  1  2  3  4  5  6  7  8  9 10 11 12 13 14 15 16 |
---------------+-------------------------------------------------+-----
Short Blades   | 1 2 4 5 8 9 10 11 12 14 | 14.0
Fighting       | 2 3 4 5 6 7 8 10 | 10.0
Stealth        | 4 5 6 10 11 12 | 12.4
Dodging        | 4 6 7 8 10 13 15 16 17 | 17.9
Shields        | 2 4 10 11 12 13 | 13.6
Evocations     | 4 6 |  6.6

Action                   |  1- 3 |  4- 6 |  7- 9 | 10-12 | 13-15 | 16-18 || total
-------------------------+-------+-------+-------+-------+-------+-------++-------
Melee: Dagger            |    11 |       |       |       |       |       ||    11
       Unarmed           |     6 |       |       |       |       |     2 ||     8
       Tentacles         |    16 |    21 |   113 |   114 |   447 |    95 ||   806
       Constrict         |    17 |    19 |    56 |    70 |   138 |    34 ||   334
       Short sword       |    55 |   106 |   340 |    33 |       |       ||   534
       Punch             |     2 |     3 |     7 |     8 |    18 |     5 ||    43
       Rapier            |       |       |       |   378 |  1325 |   292 ||  1995
Invok: Call Merchant     |       |       |       |       |     2 |       ||     2
Evoke: Wand              |       |     1 |    15 |    12 |    10 |     2 ||    40
       Box of beasts     |       |       |       |       |       |     1 ||     1
       Phantom mirror    |       |       |       |       |       |     1 ||     1
  Use: Scroll            |       |     3 |     8 |    13 |    20 |     2 ||    46
       Potion            |       |       |     2 |     4 |     3 |     1 ||    10
 Stab: Sleeping          |    14 |     3 |     6 |    36 |    45 |    12 ||   116
       Distracted        |     1 |       |     4 |     3 |    27 |     5 ||    40
       Invisible         |       |       |     3 |       |     6 |       ||     9
Armor: Skin              |    24 |    10 |    41 |    11 |    27 |     2 ||   115
Dodge: Dodged            |    49 |    32 |   114 |   112 |   427 |   131 ||   865
Block: Other             |     6 |       |       |       |       |       ||     6
       Kite shield       |     7 |    54 |   183 |   161 |       |       ||   405
       Reflection        |       |       |     1 |     9 |    18 |    33 ||    61
       Tower shield      |       |       |       |   154 |  1222 |   386 ||  1762

Table legend: (Time is in decaauts)
 A = Elapsed time spent in this place.
 B = Non-inter-level travel time spent in this place.
 C = Inter-level travel time spent in this place.
 D = Time resting spent in this place.
 E = Time spent auto-exploring this place.
 F = Levels seen in this place.
 G = Mean time per level.
                   A        B        C        D        E       F      G
               +--------+--------+--------+--------+--------+-----+--------+
         Total |  33727 |  32134 |   1593 |   7985 |  15131 |  26 | 1297.2 |
       Dungeon |  13555 |  12572 |    983 |   2700 |   6713 |  11 | 1232.3 |
        Temple |    464 |    394 |     70 |      0 |    385 |   1 |  464.0 |
          Lair |  11312 |  10917 |    395 |   2417 |   5818 |   6 | 1885.3 |
     Snake Pit |   3100 |   3033 |     67 |    751 |   1460 |   3 | 1033.3 |
  Orcish Mines |   2543 |   2467 |     76 |    986 |    453 |   2 | 1271.5 |
       Ossuary |   1067 |   1067 |      0 |    578 |    129 |   1 | 1067.0 |
      Ice Cave |   1328 |   1328 |      0 |    541 |     19 |   1 | 1328.0 |
      Gauntlet |    355 |    355 |      0 |     10 |    154 |   1 |  355.0 |
               +--------+--------+--------+--------+--------+-----+--------+

Top non-repeatable levels by time:
  Lair:6: 4687 daAuts
   Orc:2: 2229 daAuts
  Lair:5: 1537 daAuts
  Lair:4: 1507 daAuts
     D:4: 1494 daAuts
    D:10: 1461 daAuts
     D:8: 1450 daAuts
     D:6: 1426 daAuts
     D:5: 1359 daAuts
     D:9: 1334 daAuts
   IceCv: 1328 daAuts
  Lair:3: 1324 daAuts
  Lair:2: 1284 daAuts
    D:11: 1274 daAuts
 Snake:1: 1232 daAuts
